 Dungeon Crawl Stone Soup version 0.25-a0-73-g9796ba8d15 (webtiles) character file.

Game seed: 14341507041511854761, levelgen mode: deterministic

160958 Flugkiller the Spry (level 17, -4/128 HPs)
             Began as an Octopode Venom Mage on Nov 5, 2019.
             Was a High Priest of Trog.
             Slain by a spark wasp (25 damage)
             ... on level 4 of the Spider Nest.
             The game lasted 01:08:18 (46255 turns).

Flugkiller the Spry (Octopode Venom Mage)          Turns: 46255, Time: 01:08:18

Health: -4/128     AC:  6    Str:  8    XL:     17   Next: 77%
Magic:  26/26      EV: 25    Int: 18    God:    Trog [*****.]
Gold:   2290       SH: 10    Dex: 16    Spells: 22/22 levels left

rFire    . . .     SeeInvis .   R - +9 double sword (elec)
rCold    . . .     Gourm    .   Q - +0 shield
rNeg     + . .     Faith    .   J - +0 hat
rPois    +         Spirit   .   Y - necklace of Bloodlust {*Rage +Rage MR++ Int-3 Slay+6 *Curse}
rElec    .         Reflect  .   c - ring of positive energy
rCorr    .         Harm     .   y - +5 ring of protection
MR       ++++.     Clarity  +   T - ring of poison resistance
Stlth    ++++......             W - ring of flight
HPRegen  0.31/turn              S - ring of Tylyg {MR+ Int+3 Slay+3}
MPRegen  0.20/turn              (no ring)
                                (no ring)
                                (no ring)

@: very slightly contaminated, studying Fighting, lightly drained
A: almost no armour, stealthy swim, amphibious, 8 rings, constrict 8, tentacle
spike 1, camouflage 1, clarity, dopey 1, gelatinous body 1, subdued magic 1
a: Berserk, Trog's Hand, Brothers in Arms, Renounce Religion, Evoke Berserk
Rage, Evoke Flight


You were on level 4 of the Spider Nest.
You worshipped Trog.
Trog was extremely pleased with you.
You were not hungry.

You visited 4 branches of the dungeon, and saw 27 of its levels.
You also visited: Sewer and Bailey.

You collected 2741 gold pieces.
You spent 451 gold pieces at shops.

Inventory:

Hand Weapons
 b - a +3 scimitar of flaming
   (You took it off Erica on level 9 of the Dungeon)
 R - a +9 double sword of electrocution (weapon)
   (Trog gifted it to you on level 2 of the Orcish Mines)
Missiles
 e - 8 throwing nets (quivered)
 K - 4 silver javelins
 Z - 22 javelins
Armour
 J - a +0 hat (worn)
   (You found it on level 8 of the Dungeon)
 Q - a +0 shield (worn)
   (You took it off a tengu warrior on level 14 of the Dungeon)
Jewellery
 a - an uncursed ring of ice
   (You found it on level 2 of the Spider Nest)
 c - a ring of positive energy (left tentacle)
   (You found it on level 1 of the Dungeon)
 y - a +5 ring of protection (right tentacle)
   (You found it on level 4 of the Dungeon)
 S - the ring of Tylyg (on tentacle) {MR+ Int+3 Slay+3}
   (You found it on level 4 of the Lair of Beasts)

   [ring of intelligence]

   It affects your intelligence (+3).
   It affects your accuracy and damage with ranged weapons and melee attacks
   (+3).
   It affects your resistance to hostile enchantments.
 T - a ring of poison resistance (on tentacle)
   (You found it on level 4 of the Lair of Beasts)
 W - a ring of flight (on tentacle)
   (You found it on level 4 of the Lair of Beasts)
 Y - the necklace of Bloodlust (around mantle) {*Rage +Rage MR++ Int-3 Slay+6 *Curse}
   (You found it in a bailey)

   [amulet of rage]

   It affects your intelligence (-3).
   It affects your accuracy and damage with ranged weapons and melee attacks
   (+6).
   It affects your resistance to hostile enchantments.
   It lets you go berserk.
   It may make you go berserk in combat.
   It curses itself when equipped.
Wands
 m - a wand of disintegration (20)
   (You found it on level 1 of the Lair of Beasts)
 v - a wand of enslavement (14)
   (You found it on level 3 of the Dungeon)
 A - a wand of acid (16)
   (You found it on level 5 of the Dungeon)
 F - a wand of clouds (10)
   (You found it on level 1 of the Lair of Beasts)
 H - a wand of flame (28)
   (You took it off an orc on level 8 of the Dungeon)
 L - a wand of paralysis (8)
   (You found it on level 8 of the Dungeon)
 M - a wand of digging (12)
   (You found it on level 1 of the Lair of Beasts)
Scrolls
 f - 15 scrolls of remove curse
 g - 3 scrolls of teleportation
 h - a scroll of fear
 j - 2 scrolls of magic mapping
 k - 6 scrolls of immolation
 q - 13 scrolls of identify
 w - a scroll of acquirement
 B - a scroll of blinking
 E - 4 scrolls of fog
 G - a scroll of summoning
 N - a scroll of vulnerability
Potions
 i - 3 potions of berserk rage
 l - 3 potions of cancellation
 n - 3 potions of resistance
 p - 4 potions of agility
 r - 3 potions of curing
 t - 3 potions of brilliance
 u - 4 potions of haste
 x - 2 potions of magic
 C - 4 potions of lignification
 D - 2 potions of mutation
 O - a potion of ambrosia
 U - a potion of invisibility
 V - 9 potions of might
Books
 o - a manual of Fighting
   (You acquired it on level 2 of the Orcish Mines)
Miscellaneous
 s - a lightning rod (4/4)
   (You found it on level 1 of the Lair of Beasts)
Comestibles
 d - 18 rations


   Skills:
 + Level 15.7(15.6) Fighting
 + Level 15.2(15.1) Long Blades
   Level 1.6(1.5) Polearms
 + Level 4.2 Throwing
 - Level 17.0(16.9) Dodging
 - Level 4.0(3.9) Stealth
 + Level 6.8 Shields
 - Level 3.1 Spellcasting
   Level 2.0(1.9) Conjurations
   Level 6.1(6.0) Poison Magic
 - Level 12.0 Evocations


You had 22 spell levels left.
You didn't know any spells.
Your spell library contained the following spells:

 Spells                   Type           Power        Failure   Level  Hunger
 Sting                    Conj/Pois      ##..         7%          1    None
 Poisonous Vapours        Pois/Air       ##....       17%         2    ##.....
 Olgreb's Toxic Radiance  Pois           ###.....     32%         4    ####...
 Animate Skeleton         Necr           N/A          38%         1    None
 Apportation              Tloc           #.....       38%         1    None
 Confusing Touch          Hex            #.....       38%         1    None
 Summon Small Mammal      Summ           #...         38%         1    None
 Mephitic Cloud           Conj/Pois/Air  #.......     38%         3    ###....
 Venom Bolt               Conj/Pois      ##........   92%         5    ######.


Dungeon Overview and Level Annotations

Branches:
Dungeon (15/15)            Temple (0/1) D:5            Lair (6/6) D:10
 Shoals (0/4) Lair:4       Spider (4/4) Lair:2        Slime (0/5) Lair:6
    Orc (2/2) D:9             Elf (0/3) Orc:2        Vaults (0/5) D:13
 Depths (0/5) D:15          Sewer (visited)          Bailey (visited)

Altars:
Ashenzari
Cheibriados
Dithmenos
Gozag
Kikubaaqudgha
Makhleb
Nemelex Xobeh
Okawaru
Trog
Vehumet
Xom

Shops:
D:8 !   D:12 (   Orc:1 [   Orc:2 ![*:

Portals:
Pandemonium: Orc:2

Annotations:
D:6 3 runed translucent doors, Daviar's ghost, novice FoFi; vurker's ghost, novice DEFE
D:10 2 runed translucent doors, Yorgos's ghost, journeyman TrCK
Spider:2 Roxanne
Spider:4 Arachne


Innate Abilities, Weirdness & Mutations

You cannot wear most types of armour.
You are very stealthy in the water. (Stealth+)
You are amphibious.
You can wear up to eight rings at the same time.
You can use your tentacles to constrict eight enemies at once.
Your skin changes colour to match your surroundings (Stealth+).
Your rubbery body absorbs attacks. (AC +1, EV +1)
One of your tentacles bears a spike.
You possess an exceptional clarity of mind.
You are dopey. (Int -2)
Your spells are a little easier to cast, but a little less powerful.


Message History

Unknown command.
Press: ? - help, v - describe, . - travel
Here: a hornet The floor.
Unknown command.
Unknown command.
Blink to where?
Press: ? - help, Dir - move target cursor You are very lightly contaminated with residual magic.
As you read the scroll of blinking, it crumbles to dust.
You hear an angry hiss.
Evoke which item? (* to show all) (? for menu, Esc to quit)
Aiming: Paralyse
Press: ? - help, Shift-Dir - straight line, f - wolf spider
Aim: a wolf spider (berserk, fast, unusually strong, chance to defeat MR: 75%)
The wolf spider suddenly stops moving!
You hear a shout!
Evoke which item? (* to show all) (? for menu, Esc to quit)
Aiming: Paralyse
Press: ? - help, Shift-Dir - straight line, f - spark wasp, p - wolf spider
Aim: a spark wasp (chance to defeat MR: 59%)
The spark wasp resists with significant effort.
The spark wasp bursts into living lightning!
The living lightning hits you!
* * * LOW HITPOINT WARNING * * *
The spark wasp blinks! x2
You hear a shout!
Evoke which item? (* to show all) (? for menu, Esc to quit)
Aiming: Paralyse
Press: ? - help, Shift-Dir - straight line, f/p - spark wasp
Aim: a spark wasp (chance to defeat MR: 59%)
The spark wasp resists with significant effort.
The spark wasp stings you.
* * * LOW HITPOINT WARNING * * *
The spark wasp shocks you!
* * * LOW HITPOINT WARNING * * *
Evoke which item? (* to show all) (? for menu, Esc to quit)
Aiming: Paralyse
Press: ? - help, Shift-Dir - straight line, f/p - spark wasp
Aim: a spark wasp (chance to defeat MR: 59%)
The spark wasp resists with significant effort.
You block the spark wasp's attack. x2
Evoke which item? (* to show all) (? for menu, Esc to quit)
Aiming: Paralyse
Press: ? - help, Shift-Dir - straight line, f/p - spark wasp
Aim: a spark wasp (chance to defeat MR: 59%)
The spark wasp resists with significant effort.
Arachne the Weaver comes into view.
She is wielding a staff of poison.
The spark wasp stings you!!
You die...

8.8.......##.####....#..## ..
...........### #..†††...# ...
.^.........## ####..<...###..#
8.8.......<.##...##......#....
.............#...^##..#....#
..................######......
.8.8...........#...## ##.....
................#...## #.....
.^............@.....^#####..^..
8.8...........y..#.#..........
....................#..#......
..###................^.........
.#..........................s
^.....^<.......###...........
.....#^##.#...## ##.s........
.°. ## ####..# ##.H#..... .
#### #...y.......


You could see Arachne, a spark wasp and a wolf spider (berserk).

Vanquished Creatures
  Gastronok (Lair:3)
  A ghost moth (Spider:2)
  2 emperor scorpions
  3 entropy weavers
  2 spark wasps (Spider:3)
  An ettin (Orc:2)
  Erolcha (D:9)
  A great orb of eyes (D:13)
  3 vault guards (D:13)
  A rakshasa (D:13)
  Harold (D:9)
  3 centaur warriors
  10 hydras
  Erica (D:9)
  2 death knights
  7 death yaks
  2 ogre magi
  14 two-headed ogres
  2 tengu warriors
  4 orc high priests
  A sun demon (Orc:2)
  A skeletal warrior (D:14)
  5 unseen horrors
  A torturous demonspawn (Orc:2)
  2 infernal demonspawn (Orc:2)
  4 lindwurms (Lair:4)
  7 orb spiders
  A necromancer (D:14)
  4 orc knights (Orc:2)
  10 orc sorcerers (Orc:2)
  A wolf spider zombie (D:15)
  23 wolf spiders
  20 ugly things
  7 slime creatures
  3 manticores
  3 cyclopes
  Maurice (D:9)
  13 elephants
  A moth of wrath (Spider:1)
  A centaur zombie (D:15)
  4 black mambas
  Joseph (D:9)
  2 gargoyles (D:15)
  A rust devil (Orc:2)
  A merfolk siren (Lair:4)
  An orange demon (Orc:2)
  Psyche (D:12)
  11 komodo dragons
  13 spiny frogs
  3 rime drakes
  3 centaur skeletons
  An efreet (D:13)
  A kobold demonologist (D:14)
  7 demonic crawlers
  A freezing wraith (D:14)
  3 tengu conjurers
  10 polar bears
  A merfolk (D:11)
  17 jumping spiders
  A hornet (Spider:3)
  6 trolls
  A spectral tarantella (Spider:3)
  A wind drake (shapeshifter) (D:15)
  A spectral jumping spider (Spider:4)
  8 blink frogs (Lair:6)
  3 raiju (Lair:6)
  A dream sheep (Lair:6)
  11 hippogriffs
  39 redbacks
  A water elemental (D:14)
  A shadow (D:13)
  3 wyverns
  3 wraiths
  45 yaks
  17 tarantellas
  A hog (Spider:3)
  7 basilisks
  A steam dragon (D:14)
  5 humans (D:6)
  6 wargs
  2 hungry ghosts
  7 vampire mosquitoes
  4 chaos spawn (Orc:2)
  A soldier ant (D:15)
  An acid dragon (D:14)
  14 hell hounds (Lair:6)
  15 water moccasins
  9 porcupines
  5 sky beasts
  4 ice beasts
  3 phantoms
  An eye of draining (D:15)
  42 orc warriors
  15 black bears
  11 ogres
  23 wolves
  26 centaurs
  13 crocodiles
  3 big kobolds
  19 bullfrogs
  A wyvern zombie (D:14)
  3 scorpions
  A wyvern skeleton (D:14)
  7 killer bees
  27 wights
  4 electric eels
  3 howler monkeys
  5 crimson imps
  7 hounds
  5 jellies
  28 orc priests
  20 orc wizards
  7 iguanas
  10 worker ants
  A killer bee zombie (D:7)
  A hound skeleton (D:4)
  2 howler monkey zombies
  A howler monkey skeleton (D:8)
  17 gnolls
  7 river rats
  14 adders
  4 shadow imps
  2 oozes (D:3)
  3 adder skeletons
  4 worms
  4 dart slugs
  5 leopard geckos
  109 orcs
  10 ball pythons
  9 bats
  5 giant cockroaches
  12 goblins
  12 hobgoblins
  11 jackals
  28 kobolds
  2 quokkas (D:4)
  7 frilled lizards
  A jackal skeleton (D:5)
  A leopard gecko skeleton (D:5)
  A quokka zombie (D:8)
  26 rats
  A fungus (Lair:3)
  2 plants
1063 creatures vanquished.

Vanquished Creatures (collateral kills)
  The ghost of Flogoulo the Fighter, a journeyman FoAK of Lugonu (Lair:5)
  A fire dragon (D:15)
  A two-headed ogre (D:10)
  An orc knight (Orc:2)
  4 wolf spiders (Spider:2)
  A manticore (D:15)
  6 elephants (Lair:5)
  A komodo dragon (Lair:5)
  A demonic crawler (Spider:2)
  2 jumping spiders (Spider:2)
  2 blink frogs (Lair:6)
  A shadow (D:12)
  2 redbacks (Spider:2)
  2 water moccasins
  A crocodile (Lair:5)
  A bullfrog (D:10)
  A crimson imp (D:10)
  2 orc priests (D:10)
  6 orcs
37 creatures vanquished.

Vanquished Creatures (others)
  A fire dragon (D:15)
  A centaur warrior (D:15)
  A centaur (D:13)
  An orc (D:15)
  A bush (Lair:5)
  31 fungi
  37 plants
  2 withered plants (D:6)
75 creatures vanquished.

Grand Total: 1175 creatures vanquished

Notes
Turn   | Place    | Note
-------+----------+-------------------------------------------
     0 | D:1      | Flugkiller the Octopode Venom Mage began the quest for the
                  | Orb.
     0 | D:1      | Reached XP level 1. HP: 11/11 MP: 3/3
   281 | D:1      | Reached XP level 2. HP: 17/17 MP: 3/5
   290 | D:1      | Learned a level 2 spell: Poisonous Vapours
   688 | D:1      | Reached XP level 3. HP: 20/21 MP: 6/6
  1217 | D:2      | Reached skill level 5 in Poison Magic
  1225 | D:2      | Reached XP level 4. HP: 27/27 MP: 1/7
  1307 | D:2      | Reached skill level 1 in Fighting
  1320 | D:2      | Learned a level 3 spell: Mephitic Cloud
  2297 | D:3      | Found a glowing drain.
  2309 | D:3      | Reached XP level 5. HP: 25/33 MP: 3/8
  2388 | Sewer    | Entered a sewer
  3356 | Sewer    | Reached XP level 6. HP: 22/38 MP: 0/10
  3782 | D:3      | Found a faded altar of an unknown god.
  3809 | D:3      | Became a worshipper of Trog the Wrathful
  3809 | D:3      | Reached * piety under Trog
  4205 | D:3      | Reached skill level 3 in Dodging
  4214 | D:3      | Reached ** piety under Trog
  4459 | D:3      | Found a shimmering altar of Xom.
  4466 | D:3      | Reached XP level 7. HP: 44/45 MP: 11/11
  4939 | D:4      | HP: 2/46 [gnoll/+0 spear (7)]
  5623 | D:4      | Reached skill level 4 in Dodging
  6110 | D:4      | Found an ancient bone altar of Kikubaaqudgha.
  7014 | D:4      | Found a radiant altar of Vehumet.
  7082 | D:5      | Entered Level 5 of the Dungeon
  7144 | D:5      | Found a staircase to the Ecumenical Temple.
  7172 | D:5      | Reached *** piety under Trog
  7290 | D:5      | Reached XP level 8. HP: 46/54 MP: 12/12
  7330 | D:5      | Reached skill level 5 in Dodging
  7725 | D:5      | Reached skill level 5 in Fighting
  7804 | D:5      | Found an iron altar of Okawaru.
  8047 | D:5      | Found a shadowy altar of Dithmenos.
  8047 | D:5      | Found a burning altar of Makhleb.
  8347 | D:6      | Reached skill level 1 in Evocations
  8382 | D:6      | Reached skill level 6 in Dodging
  8556 | D:6      | Reached XP level 9. HP: 34/62 MP: 13/13
  9117 | D:6      | Found a runed translucent gate.
  9117 | D:6      | Found a runed translucent gate.
  9117 | D:6      | Found a runed translucent gate.
  9117 | D:6      | Noticed vurker's ghost (novice DEFE)
  9118 | D:6      | Noticed Daviar's ghost (novice FoFi)
  9198 | D:6      | Found a sparkling altar of Nemelex Xobeh.
  9493 | D:6      | Reached skill level 1 in Polearms
 10099 | D:7      | Reached skill level 7 in Dodging
 10365 | D:6      | Reached skill level 5 in Evocations
 10848 | D:7      | Reached skill level 8 in Dodging
 11357 | D:8      | Reached XP level 10. HP: 40/72 MP: 14/14
 11929 | D:8      | Found Caduqur's Distillery.
 11943 | D:8      | Bought a potion of mutation for 128 gold pieces
 11943 | D:8      | Bought a potion of mutation for 128 gold pieces
 11943 | D:8      | Gained mutation: You possess an exceptional clarity of
                  | mind. [potion of mutation]
 11943 | D:8      | Gained mutation: You are dopey. (Int -2) [potion of
                  | mutation]
 11943 | D:8      | Gained mutation: Your spells are a little easier to cast,
                  | but a little less powerful. [potion of mutation]
 11943 | D:8      | Gained mutation: One of your tentacles bears a spike.
                  | [potion of mutation]
 11952 | D:8      | Found an opulent altar of Gozag.
 11962 | D:8      | Found a shattered altar of Ashenzari.
 12194 | D:8      | Reached skill level 1 in Long Blades
 12221 | D:8      | Reached **** piety under Trog
 12640 | D:8      | Reached skill level 9 in Dodging
 13325 | D:9      | Noticed Harold
 13556 | D:9      | Killed Harold
 13556 | D:9      | Reached skill level 5 in Long Blades
 13564 | D:9      | Reached XP level 11. HP: 58/80 MP: 15/15
 14039 | D:9      | Noticed Erolcha
 14046 | D:9      | Killed Erolcha
 14181 | D:9      | Found a staircase to the Orcish Mines.
 14182 | D:9      | Noticed Maurice
 14189 | D:9      | Noticed Erica
 14193 | D:9      | Killed Maurice
 14206 | D:9      | Killed Erica
 14206 | D:9      | Reached skill level 10 in Dodging
 14213 | D:9      | Noticed Joseph
 14558 | D:9      | Killed Joseph
 14735 | D:9      | Found a snail-covered altar of Cheibriados.
 14810 | D:10     | Entered Level 10 of the Dungeon
 14818 | D:10     | Found a staircase to the Lair.
 14832 | D:10     | Reached skill level 10 in Fighting
 15080 | D:10     | Found a large runed translucent door.
 15080 | D:10     | Found a large runed translucent door.
 15081 | D:10     | Noticed Yorgos's ghost (journeyman TrCK)
 15084 | D:10     | Reached ***** piety under Trog
 15397 | D:10     | Noticed a two-headed ogre
 15402 | D:10     | Killed a two-headed ogre
 15835 | Lair:1   | Entered Level 1 of the Lair of Beasts
 16075 | Lair:1   | Reached XP level 12. HP: 88/88 MP: 16/16
 16741 | Lair:1   | Noticed a six-headed hydra
 16751 | Lair:1   | Killed a two-headed hydra
 16754 | Lair:1   | Reached skill level 11 in Dodging
 17530 | Lair:2   | Reached skill level 10 in Long Blades
 17621 | Lair:2   | Got a slimy longbow
 17624 | Lair:2   | Identified the +9 longbow "Vyklil" {velocity, *Drain Dex+6
                  | Stlth+} (You found it on level 2 of the Lair of Beasts)
 18083 | Lair:2   | Noticed an eight-headed hydra
 18120 | Lair:2   | Killed a four-headed hydra
 18677 | Lair:2   | Found a hole to the Spider Nest.
 18839 | Lair:3   | Noticed a four-headed hydra
 18848 | Lair:3   | Killed a one-headed hydra
 19757 | Lair:3   | Reached XP level 13. HP: 95/95 MP: 17/17
 20102 | Lair:3   | Noticed Gastronok
 20389 | Lair:3   | Killed Gastronok
 21272 | Lair:4   | Found a staircase to the Shoals.
 22764 | Lair:4   | Reached skill level 10 in Evocations
 23052 | Lair:4   | Got a shimmering bronze ring
 23056 | Lair:4   | Got a scorched glass ring
 23060 | Lair:4   | Got a wavering amethyst amulet
 24164 | Lair:5   | Found a runed translucent gate.
 24190 | Lair:5   | Reached skill level 12 in Dodging
 24210 | Lair:5   | Identified the amulet "Atatiwni" {Harm *Drain Str-2 Dex+6}
                  | (You found it on level 4 of the Lair of Beasts)
 24211 | Lair:5   | Identified the ring "Zimapt" {*Corrode rPois Dex+4 SInv}
                  | (You found it on level 4 of the Lair of Beasts)
 24440 | Lair:5   | You fall into a shaft and drop 1 floor!
 24440 | Lair:6   | Entered Level 6 of the Lair of Beasts
 24479 | Lair:6   | Reached XP level 14. HP: 58/103 MP: 21/21
 25073 | Lair:5   | Found a runed translucent gate.
 25073 | Lair:5   | Found a runed translucent gate.
 25107 | Lair:5   | Noticed Flogoulo's ghost (journeyman FoAK)
 25438 | Lair:5   | Identified the ring of Tylyg {MR+ Int+3 Slay+3} (You found
                  | it on level 4 of the Lair of Beasts)
 25757 | Lair:5   | Killed Flogoulo's ghost
 25768 | Lair:5   | Got a warped broad axe
 25772 | Lair:5   | Identified the +7 broad axe of Defiance {freeze, rPois rF+
                  | Dex+2} (You found it on level 5 of the Lair of Beasts)
 25907 | Lair:6   | Found a staircase to the Slime Pits.
 26425 | Lair:6   | Reached skill level 13 in Dodging
 26839 | Lair:6   | Identified a scroll of acquirement
 28209 | Lair:6   | Reached skill level 14 in Dodging
 28239 | Lair:6   | Received a gift from Trog
 30162 | D:12     | Reached skill level 15 in Dodging
 30230 | D:12     | Reached XP level 15. HP: 90/110 MP: 22/22
 30496 | D:12     | Noticed Psyche
 30502 | D:12     | Killed Psyche
 30502 | D:12     | Received a gift from Trog
 30999 | D:12     | Found Qaveor's Antique Weapon Shoppe.
 31335 | D:12     | Found an ancient bone altar of Kikubaaqudgha.
 31802 | D:13     | Found a gate to the Vaults.
 31920 | D:13     | Found a flagged portal.
 31925 | Bailey   | Entered a bailey
 31945 | Bailey   | Received a gift from Trog
 32245 | Bailey   | Found the cursed necklace of Bloodlust {*Rage +Rage MR++
                  | Int-3 Slay+6 *Curse}
 32250 | Bailey   | Got a smoking dagger
 34453 | D:15     | Entered Level 15 of the Dungeon
 34492 | D:15     | Received a gift from Trog
 34783 | D:15     | Reached XP level 16. HP: 109/119 MP: 8/25
 35476 | D:15     | Reached skill level 16 in Dodging
 36695 | D:15     | Found a staircase to the Depths.
 37706 | Orc:1    | Entered Level 1 of the Orcish Mines
 37706 | Orc:1    | Found Qetiz's Armour Emporium.
 38033 | Orc:2    | Entered Level 2 of the Orcish Mines
 38034 | Orc:2    | Found a staircase to the Elven Halls.
 38170 | Orc:2    | Received a gift from Trog
 39314 | Orc:2    | Found Wiutaapn's Distillery.
 39316 | Orc:2    | Found Higrem's General Store.
 39604 | Orc:2    | Reached skill level 1 in Shields
 39749 | Orc:2    | Bought a potion of haste for 110 gold pieces
 39749 | Orc:2    | Bought a potion of heal wounds for 55 gold pieces
 39765 | Orc:2    | Bought a scroll of fog for 30 gold pieces
 40035 | Orc:2    | Reached skill level 17 in Dodging
 40323 | Orc:2    | Found Husil's Book Shoppe.
 40323 | Orc:2    | Found Jill's Antique Armour Emporium.
 40323 | Orc:2    | Found a one-way gate leading to the halls of Pandemonium.
 40638 | Spider:1 | Entered Level 1 of the Spider Nest
 41195 | Spider:1 | Reached XP level 17. HP: 125/125 MP: 26/26
 41320 | Spider:1 | Reached ****** piety under Trog
 41913 | Spider:1 | Reached skill level 5 in Shields
 41947 | Spider:1 | Received a gift from Trog
 42297 | Spider:2 | Reached skill level 1 in Throwing
 42692 | Spider:2 | Identified Roxanne's Grimoire of Changing
 42692 | Spider:2 | Noticed Roxanne
 43289 | Spider:3 | Reached skill level 15 in Fighting
 43690 | Spider:3 | Received a gift from Trog
 43702 | Spider:3 | Got a transparent falchion {god gift}
 43703 | Spider:3 | Identified the +12 falchion of Anarchy {slice, Str+4 Int-3
                  | Dex+4 SInv} (Trog gifted it to you on level 3 of the Spider
                  | Nest)
 44367 | Spider:3 | Reached skill level 15 in Long Blades
 44649 | Spider:4 | Entered Level 4 of the Spider Nest
 46255 | Spider:4 | Noticed Arachne
 46255 | Spider:4 | Slain by a spark wasp

Levels and vault maps discovered:
D:1:      saegor_arrival_simple_e, layout_rooms,
          hangedman_abyss_or_decor_lesser_grid, grunt_decor_resistance,
          minivault_19
D:2:      minmay_spotlight, layout_basic
D:3:      wander_river, layout_basic, old_standard_altar, portal_sewer_entry_a,
          first_ration, chequers_ecumenical_altar_simple_redux
D:4:      layout_basic, vehumet_crystals, overflow_temple_1_default
D:5:      layout_basic, lemuel_doored_altar, gammafunk_temple_overflow_elements,
          minmay_temple_entry_large_hall
D:6:      layout_loops_cross, nemelex_xobeh_ov_fountains_minmay,
          gammafunk_ghost_cemetery, hangedman_abyss_or_decor_slice,
          minmay_ruffians
D:7:      layout_basic, kennysheep_decorative_pillar,
          hangedman_decor_peaks_small
D:8:      layout_loops_cross, grunt_gozag_statues, cheibrodos_ashenzari_chains,
          serial_shops, nicolae_shop_trees
D:9:      layout_cave_pools, slow_altar_2, david_orc_3, uniq_erica, uniq_joseph,
          uniq_erolcha, uniq_harold, uniq_maurice
D:10:     layout_basic, david_lair_generic, ebering_ghost_disaster_area
D:11:     layout_long_grid, hangedman_fish_farm, moated_statue
D:12:     layout_roguey, serial_shops, shop, basic_altar, minmay_quadrilaterals,
          uniq_psyche
D:13:     layout_small_grid, lightli_vaults_fourway_checkpoint, enter_bailey_3
D:14:     layout_cave_pods, minivault_4, minmay_librarian
D:15:     grunt_enter_depths_hoard, layout_loops_ring,
          chequers_serial_rivers_room_b, dk_noncrumbling_4,
          minmay_strange_pillars
Lair:1:   layout_cave_pods, grunt_megastairs_2
Lair:2:   layout_loops_ring, spider_nest_entry_funnel_web, grunt_megastairs_1
Lair:3:   wad_woods_structure_01, layout_layer_cave, uniq_gastronok
Lair:4:   layout_cave_pods, minmay_shoals_entry_lonely_mermaid,
          minmay_lindwurm_lava
Lair:5:   layout_roguey, gammafunk_ghost_hydra_chop, serial_bayou_ford_a
Lair:6:   hangedman_lair_caniforms_friends, layout_loops_ring,
          minmay_slime_entry_pillars, infiniplex_staircase_pool
Spider:1: layout_spider_delve
Spider:2: layout_spider_delve, nicolae_spider_webbed_stairs, uniq_roxanne
Spider:3: layout_spider_delve
Spider:4: floodkiller_spider_rune_tomb, uniq_aizul, uniq_arachne
Orc:1:    layout_caves, serial_shops, nicolae_shop_stone,
          nicolae_orc_pool_cavern
Orc:2:    pf_orc_diabolical, layout_diamond_mine

Skill      XL: |  1  2  3  4  5  6  7  8  9 10 11 12 13 14 15 16 17 |
---------------+----------------------------------------------------+-----
Stealth        | 3 4 |  4.0
Poison Magic   | 4 5 6 |  6.1
Fighting       | 1 2 4 6 8 9 10 11 12 13 14 15 | 15.7
Conjurations   | 2 |  2.0
Spellcasting   | 3 |  3.1
Dodging        | 3 4 6 8 9 10 11 12 15 17 | 17.0
Evocations     | 3 5 10 12 | 12.0
Polearms       | 1 |  1.6
Long Blades    | 5 8 11 12 14 15 | 15.2
Shields        | 4 6 |  6.8
Throwing       | 4 |  4.2

Action                   |  1- 3 |  4- 6 |  7- 9 | 10-12 | 13-15 | 16-18 || total
-------------------------+-------+-------+-------+-------+-------+-------++-------
Melee: Dagger            |    21 |   102 |   231 |       |       |       ||   354
       Constrict         |     7 |    24 |    70 |    79 |   169 |   169 ||   518
       Tentacles         |     4 |    21 |    59 |    93 |   247 |   142 ||   566
       Whip              |       |    16 |       |       |       |       ||    16
       Trident           |       |       |   175 |    52 |       |       ||   227
       Scimitar          |       |       |       |   437 |   818 |     4 ||  1259
       Kick              |       |       |       |   153 |   383 |   201 ||   737
       Triple sword      |       |       |       |       |   165 |   165 ||   330
       Double sword      |       |       |       |       |       |   427 ||   427
Throw: Dart              |       |       |     7 |     6 |       |       ||    13
 Cast: Sting             |    32 |   131 |       |       |       |       ||   163
       Poisonous Vapours |    13 |     9 |       |       |       |       ||    22
Invok: Berserk           |       |     3 |     9 |    23 |    31 |    17 ||    83
       Trog's Hand       |       |       |     3 |     3 |     5 |     3 ||    14
       Brothers in Arms  |       |       |       |     1 |     4 |     5 ||    10
Evoke: Wand              |       |       |     3 |     7 |    20 |    22 ||    52
  Use: Scroll            |       |     4 |    14 |    11 |    19 |    13 ||    61
       Potion            |       |       |     1 |     4 |     4 |     5 ||    14
 Stab: Sleeping          |       |     6 |    15 |    20 |    25 |    17 ||    83
       Distracted        |       |     1 |       |     2 |     3 |     7 ||    13
       Paralysed         |       |       |       |     4 |     5 |     4 ||    13
       Confused          |       |       |       |       |       |     1 ||     1
  Eat: Chunk             |     2 |    14 |    18 |    35 |    43 |    36 ||   148
       Ration            |       |       |     4 |     5 |    11 |     6 ||    26
Armor: Skin              |     4 |     9 |    43 |    81 |   101 |    46 ||   284
Dodge: Dodged            |    15 |    78 |   286 |   458 |   990 |   583 ||  2410
Block: Buckler           |       |       |       |       |    92 |       ||    92
       Shield            |       |       |       |       |       |   191 ||   191
       Rpst.: Scimitar   |       |       |       |   119 |   165 |       ||   284
       Triple sword      |       |       |       |       |    56 |    49 ||   105
       Double sword      |       |       |       |       |       |    73 ||    73

Table legend:
 A = Non-vault XP
 B = Vault XP
 C = Vault XP percentage of total XP
 D = Non-vault monster count
 E = Vault monster count
 F = Vault count percentage of total count
                 A         B        C        D         E       F
            +---------+---------+-------+---------+---------+-------
      Total |  171342 |   58599 |  25.5 |     798 |     300 |  27.3
            +---------+---------+-------+---------+---------+-------
        D:1 |      49 |       0 |   0.0 |      25 |       0 |   0.0
        D:2 |      76 |      14 |  15.6 |      23 |       5 |  17.9
        D:3 |     305 |      39 |  11.3 |      36 |       7 |  16.3
        D:4 |     388 |       0 |   0.0 |      24 |       0 |   0.0
        D:5 |     474 |       0 |   0.0 |      20 |       0 |   0.0
        D:6 |     521 |     991 |  65.5 |      14 |       5 |  26.3
        D:7 |    1584 |       0 |   0.0 |      22 |       0 |   0.0
        D:8 |    2273 |       0 |   0.0 |      45 |       0 |   0.0
        D:9 |    2422 |    4059 |  62.6 |      25 |       9 |  26.5
       D:10 |    1693 |     751 |  30.7 |      21 |       4 |  16.0
       D:11 |    3901 |     317 |   7.5 |      31 |       1 |   3.1
       D:12 |    6516 |    1643 |  20.1 |      31 |       5 |  13.9
       D:13 |   10511 |    6176 |  37.0 |      33 |      16 |  32.7
       D:14 |    8726 |     602 |   6.5 |      35 |       1 |   2.8
       D:15 |   27258 |     789 |   2.8 |      65 |       2 |   3.0
     Lair:1 |    6412 |     772 |  10.7 |      25 |       4 |  13.8
     Lair:2 |    5139 |     541 |   9.5 |      24 |       3 |  11.1
     Lair:3 |    3106 |    5466 |  63.8 |      12 |      12 |  50.0
     Lair:4 |    9611 |    3030 |  24.0 |      27 |       5 |  15.6
     Lair:5 |    6687 |    1881 |  22.0 |      24 |       3 |  11.1
     Lair:6 |   11406 |   10970 |  49.0 |      37 |      58 |  61.1
   Spider:1 |   14645 |       0 |   0.0 |      40 |       0 |   0.0
   Spider:2 |    8636 |       0 |   0.0 |      20 |       0 |   0.0
   Spider:3 |   18606 |     269 |   1.4 |      41 |       1 |   2.4
   Spider:4 |    9736 |     674 |   6.5 |      28 |       3 |   9.7
      Orc:1 |    2219 |       0 |   0.0 |      23 |       0 |   0.0
      Orc:2 |    8442 |   17156 |  67.0 |      47 |      70 |  59.8
      Sewer |       0 |     147 | 100.0 |       0 |      47 | 100.0
     Bailey |       0 |    2312 | 100.0 |       0 |      39 | 100.0
            +---------+---------+-------+---------+---------+-------
